 Dungeon Crawl Stone Soup version 0.28-a0-1524-ge72afd5fc6 (webtiles) character file.

Game seed: 6775728303784532314

124 fragbeetle the Insei (level 4, -1/36 HPs)
             Began as a Draconian Transmuter on Jan 17, 2022.
             Was an Initiate of Gozag.
             Slain by a water moccasin zombie (5 damage)
             ... on level 5 of the Dungeon.
             The game lasted 00:04:09 (1912 turns).

fragbeetle the Insei (Draconian Transmuter)         Turns: 1912, Time: 00:04:10

Health: -1/36      AC:  5    Str: 12    XL:     4   Next: 81%
Magic:  16/16      EV: 12    Int: 14    God:    Gozag
Gold:   41         SH:  5    Dex: 13    Spells: 3/7 levels left

rFire   . . .      SeeInvis .     - Unarmed
rCold   . . .      Faith    .   (no shield)
rNeg    . . .      Spirit   .   (armour unavailable)
rPois   .          Reflect  +   (helmet restricted)
rElec   .          Harm     .   (no cloak)
rCorr   .          Rampage  .   (no gloves)
Will    .....                   (no boots)
Stlth   +.........              a - amulet of reflection
HPRegen 0.12/turn               d - ring of magical power
MPRegen 0.15/turn               (no ring)

@: no status effects
A: AC +5, unfitting armour, cold-blooded
a: Renounce Religion, Potion Petition, Call Merchant, Bribe Branch


You were on level 5 of the Dungeon.
You worshipped Gozag.
Gozag was noncommittal.
You visited 2 branches of the dungeon, and saw 5 of its levels.

You collected 78 gold pieces.
You paid 37 gold pieces to Gozag.

Inventory:

Missiles
 c - 96 stones
Jewellery
 a - an amulet of reflection (around neck)
 d - a ring of magical power (left hand)
Scrolls
 b - 2 scrolls of blinking {unknown}
 e - a scroll of enchant armour {unknown}
 i - 3 scrolls of identify {unknown}
 j - a scroll of vulnerability {unknown}
Potions
 f - a potion of lignification {unknown}
 g - 2 potions of might {unknown}
 h - a potion of mutation {unknown}


   Skills:
 + Level 2.0 Fighting
 + Level 2.3 Dodging
 * Level 3.9 Unarmed Combat
 - Level 2.0 Spellcasting
 * Level 3.1 Transmutations
 * Level 1.3 Poison Magic


You had 3 spell levels left.
You knew the following spells:

 Your Spells              Type           Power      Damage    Failure   Level
a - Beastly Appendage     Tmut           20%        N/A       6%          1
b - Spider Form           Tmut/Pois      7%         N/A       28%         3

Your spell library contained the following spells:

 Spells                   Type           Power      Damage    Failure   Level
 Wereblood                Tmut           10%        N/A       10%         2
 Summon Small Mammal      Summ           4%         N/A       24%         1
 Blink                    Tloc           2%         N/A       34%         2
 Call Canine Familiar     Summ           1%         N/A       56%         3
 Confusing Touch          Hex            1%         N/A       56%         3
 Lesser Beckoning         Tloc           1%         N/A       56%         3
 Summon Guardian Golem    Hex/Summ       1%         N/A       56%         3
 Ice Form                 Ice/Tmut       5%         N/A       77%         4
 Yara's Violent Unravell  Hex/Tmut       2%         3d3       98%         5
 Lee's Rapid Deconstruct  Erth           0%         3d5*      100%        5
 Manifold Assault         Tloc           1%         N/A       100%        5
 Statue Form              Tmut/Erth      3%         N/A       100%        6
 Enfeeble                 Hex            0%         N/A       100%        7


Dungeon Overview and Level Annotations

Branches:
Dungeon (5/15)             Temple (1/1) D:5

Altars:
Cheibriados
Elyvilon
Gozag
Hepliaklqana
Kikubaaqudgha
Makhleb
Nemelex Xobeh
Okawaru
Qazlal
Ru
Sif Muna
Trog
Uskayaw
Vehumet
Wu Jian
Xom
Yredelemnul
Zin
The Shining One


Innate Abilities, Weirdness & Mutations

Your plain brown scales are hard. (AC +5)
You cannot fit into any form of body armour.
You are cold-blooded and may be slowed by cold attacks.


Message History

The water moccasin zombie is heavily damaged.
The water moccasin zombie closely misses you.
You hit the water moccasin zombie but do no damage.
The water moccasin zombie is heavily damaged.
The water moccasin zombie bites you but does no damage.
You hit the water moccasin zombie.
Your kick misses the water moccasin zombie.
You headbutt the water moccasin zombie, but do no damage.
The water moccasin zombie is heavily damaged.
The water moccasin zombie bites you. The water moccasin zombie misses you.
You hit the water moccasin zombie.
The water moccasin zombie is heavily damaged.
The water moccasin zombie bites you.
You closely miss the water moccasin zombie.
You claw the water moccasin zombie, but do no damage.
You tail-slap the water moccasin zombie.
The water moccasin zombie is severely damaged.
The water moccasin zombie bites you.
* * * LOW HITPOINT WARNING * * *
You hit the water moccasin zombie.
Your kick misses the water moccasin zombie.
Your headbutt misses the water moccasin zombie.
You tail-slap the water moccasin zombie.
The water moccasin zombie is almost destroyed.
The water moccasin zombie bites you.
* * * LOW HITPOINT WARNING * * *
You hit the water moccasin zombie but do no damage.
The water moccasin zombie is almost destroyed.
The water moccasin zombie bites you but does no damage.
You hit the water moccasin zombie.
You claw the water moccasin zombie, but do no damage.
Your headbutt misses the water moccasin zombie.
You tail-slap the water moccasin zombie, but do no damage.
The water moccasin zombie is almost destroyed.
Your horns disappear.
Your talons disappear.
The water moccasin zombie bites you but does no damage.
You are too injured to fight recklessly!
The water moccasin zombie bites you.
You die...
Your body crumbles into a pile of gold.

########## #........# ###+
#####..).....## ....
..............## .....
#####..........# .....
...............# ..)...
.####..........# #....#+
.############..#######.......
................@Z...........
.############..######.......#
.###### #..# #.......#
....[.. ....# #..####.#
....... ...... #..# # .......
........ #..# .......
........ #..# .......
.......#. #... ....... $


You could see a water moccasin zombie.

Vanquished Creatures
  An iguana (D:5)
  An orc wizard (D:5)
  2 adders (D:2)
  2 worms
  3 dart slugs
  5 orcs (D:5)
  A ball python (D:1)
  5 bats
  An endoplasm (D:1)
  2 giant cockroaches
  4 goblins
  2 hobgoblins
  3 jackals (D:1)
  2 quokkas (D:2)
  A frilled lizard (D:1)
  A rat (D:2)
36 creatures vanquished.

Notes
Turn   | Place    | Note
-------+----------+-------------------------------------------
     0 | D:1      | fragbeetle the Draconian Transmuter began the quest for the
                  | Orb.
     0 | D:1      | Reached XP level 1. HP: 16/16 MP: 3/3
   184 | D:1      | Reached XP level 2. HP: 21/23 MP: 5/5
   405 | D:1      | Found a faded altar of an unknown god.
   574 | D:2      | Reached XP level 3. HP: 19/28 MP: 6/6
  1112 | D:2      | Got the Volume of Stones
  1159 | D:2      | Learned a level 3 spell: Spider Form
  1288 | D:3      | You fall into a shaft and drop 2 floors!
  1288 | D:5      | Entered Level 5 of the Dungeon
  1288 | D:5      | Found a staircase to the Ecumenical Temple.
  1293 | Temple   | Entered the Ecumenical Temple
  1548 | D:5      | Reached XP level 4. HP: 32/36 MP: 7/7
  1757 | Temple   | Became a worshipper of Gozag Ym Sagoz the Greedy
  1810 | D:5      | Reached skill level 1 in Poison Magic
  1912 | D:5      | Slain by a water moccasin zombie

Illustrated notes

Levels and vault maps discovered:
D:1:      onia_arrival_pentagram, layout_basic,
          chequers_ecumenical_altar_simple_redux
D:2:      layout_basic
D:3:      layout_loops_ring, ebering_ghost_sewer_f
D:5:      layout_basic, minmay_temple_entry_glass, nrook_mini_vaults,
          hangedman_minor_gate_pass
Temple:   mainiacjoe_temple_bowtie_tessellation

Skill      XL: |  1  2  3  4 |
---------------+-------------+-----
Dodging        | 2 |  2.3
Transmutations | 3 |  3.1
Poison Magic   | 1 |  1.3
Fighting       | 2 |  2.0
Unarmed Combat | |  3.9
Spellcasting   | |  2.0

Action                   |  1- 3 |  4- 6 || total
-------------------------+-------+-------++-------
Melee: Unarmed           |    81 |    36 ||   117
       Kick              |    20 |    11 ||    31
       Tailslap          |     7 |     6 ||    13
       Punch             |     2 |     1 ||     3
       Headbutt          |    10 |     5 ||    15
 Cast: Beastly Appendage |    23 |     5 ||    28
Armor: Skin              |    22 |     8 ||    30
Dodge: Dodged            |    49 |    10 ||    59
Block: Other             |    16 |     3 ||    19

Table legend: (Time is in decaauts)
 A = Elapsed time spent in this place.
 B = Non-inter-level travel time spent in this place.
 C = Inter-level travel time spent in this place.
 D = Time resting spent in this place.
 E = Time spent auto-exploring this place.
 F = Levels seen in this place.
 G = Mean time per level.
                   A        B        C        D        E       F      G
               +--------+--------+--------+--------+--------+-----+--------+
         Total |   1904 |   1843 |     61 |    126 |   1184 |   5 |  380.8 |
       Dungeon |   1618 |   1583 |     35 |    126 |    997 |   4 |  404.5 |
        Temple |    286 |    260 |     26 |      0 |    187 |   1 |  286.0 |
               +--------+--------+--------+--------+--------+-----+--------+

Top non-repeatable levels by time:
     D:2: 713 daAuts
     D:1: 547 daAuts
     D:5: 335 daAuts
  Temple: 286 daAuts
     D:3: 21 daAuts
